 Dungeon Crawl Stone Soup version 0.14-a0-1844-g8283a67 (webtiles) character file.

136 4tharraofdagon the Firebug (level 4, -4/36 HPs)
             Began as a Naga Fire Elementalist on Jan 12, 2014.
             Slain by a gnoll
             ... wielding a +0,+0 long sword
              (13 damage)
             ... on Level 3 of the Dungeon.
             The game lasted 00:04:05 (585 turns).

4tharraofdagon the Firebug (Naga Fire Elementalist)  Turns: 585, Time: 00:04:05

HP  -4/36        AC  2     Str 10      XL: 4   Next: 28%
MP   0/8         EV 10     Int 16      God:
Gold 62          SH  0     Dex 12      Spells:  2 memorised,  3 levels left

rFire  . . .     SeeInvis +     (no weapon)
rCold  . . .     Clarity  .     a - +0 robe
rNeg   . . .     Conserve .     (no shield)
rPois  +         rCorr    .     (no helmet)
rElec  .         rRot     .     (no cloak)
SustAb . .       Spirit   .     (no gloves)
rMut   .         Warding  .     (no barding)
Saprov . . .     Stasis   .     (no amulet)
                                (no ring)
                                (no ring)

@: very slightly contaminated, very slow, slightly resistant to hostile
enchantments, stealthy
A: spit poison, see invisible, deformed body, poison resistance, slowness 2, AC
+1
a: Spit Poison


You were on level 3 of the Dungeon.
You were hungry.

You visited 1 branch of the dungeon, and saw 3 of its levels.

You collected 62 gold pieces.

Inventory:

Missiles
 j - 17 stones (quivered)
Armour
 a - a +0 robe (worn)
Comestibles
 c - 2 bread rations
 f - an apple
 h - a choko
Scrolls
 e - a scroll of identify
Books
 b - a book of Flames

   Spells                             Type                      Level
   *Flame Tongue                      Conjuration/Fire             1
   Throw Flame                        Conjuration/Fire             2
   *Conjure Flame                     Conjuration/Fire             3
   Inner Flame                        Hexes/Fire                   3
   Sticky Flame                       Conjuration/Fire             4
   Fireball                           Conjuration/Fire             5


   Skills:
 - Level 1.5 Dodging
 - Level 3.0 Stealth
 + Level 2.3 Spellcasting
 * Level 2.4 Conjurations
 * Level 4.1 Fire Magic


You had 3 spell levels left.
You knew the following spells:

 Your Spells              Type           Power        Failure   Level  Hunger
a - Flame Tongue          Conj/Fire      ##...        8%          1    #......
b - Conjure Flame         Conj/Fire      ##......     17%         3    ####...


Dungeon Overview and Level Annotations

Branches:
Dungeon (3/16)

Altars:


Innate Abilities, Weirdness & Mutations

You cannot wear boots.
You can spit poison.
Your serpentine skin is tough (AC +1).
You have supernaturally acute eyesight.
Armour fits poorly on your strangely shaped body.
Your system is resistant to poisons.
You cover ground very slowly.


Message History

Aim: a gnoll, wielding a long sword The splash of poison hits the gnoll.
The gnoll is poisoned.
The gnoll is moderately wounded.
You feel slightly more hungry.
Casting: Flame Tongue
Confirm with . or Enter, or press ? or * to list all spells.
Aiming: Flame Tongue
Press: ? - help, Shift-Dir - straight line, f/p - gnoll
Aim: a gnoll, wielding a long sword (moderately wounded, poisoned)
The flame hits the gnoll.
The gnoll is severely wounded.
Casting: Flame Tongue
Confirm with . or Enter, or press ? or * to list all spells.
Aiming: Flame Tongue
Press: ? - help, Shift-Dir - straight line, f/p - gnoll
Aim: a gnoll, wielding a long sword (severely wounded, poisoned)
The flame misses the gnoll.
You have got your breath back.
The gnoll hits you with a long sword!
You die...

##################
#.........@g.....#
#.##############.#
#.# #.# #.# #.#
###.######## #.#
##..<........ #g#
##....######## #)#
.##.....## #.#
.........# #.#


You could see a gnoll.

Vanquished Creatures
  3 adders
  2 gnolls (D:3)
  A worm (D:2)
  A giant mite (D:2)
  An ooze (D:3)
  4 bats
  2 giant cockroaches
  A hobgoblin (D:2)
  A goblin (D:2)
  5 rats
21 creatures vanquished.

Notes
Turn   | Place    | Note
--------------------------------------------------------------
     0 | D:1      | 4tharraofdagon, the Naga Fire Elementalist, began the quest for the Orb.
     0 | D:1      | Reached XP level 1. HP: 15/15 MP: 3/3
    65 | D:1      | Reached XP level 2. HP: 19/22 MP: 1/4
   264 | D:2      | Reached XP level 3. HP: 28/28 MP: 3/6
   269 | D:2      | Learned a level 3 spell: Conjure Flame
   518 | D:3      | Reached skill level 4 in Fire Magic
   561 | D:3      | Reached XP level 4. HP: 16/36 MP: 0/7
   585 | D:3      | Slain by a gnoll

Action                   |  1- 3 |  4- 6 || total
-------------------------+-------+-------++-------
Melee: Unarmed           |     1 |       ||     1
 Cast: Flame Tongue      |    25 |     4 ||    29
 Abil: Spit Poison       |    20 |     5 ||    25
  Use: Scroll            |       |     2 ||     2
       Potion            |       |     2 ||     2
